[Event "ICC tourney 3061 (30 10)"]
[Site "Internet Chess Club"]
[Date "2022.11.19"]
[Round "4"]
[White "ASHOK, AMUDHAN:amudhanashok"]
[Black "Anand, Anirudh:AnirudhAnand"]
[Result "1/2-1/2"]
[ICCResult "Game drawn by repetition"]
[WhiteElo "895"]
[BlackElo "469"]
[Opening "Queen's bishop game"]
[ECO "D02"]
[NIC "QP.08"]
[Time "18:00:26"]
[PlyCount "161"]
[TimeControl "1800+10"]

1. d4 d5 2. Nf3 Nf6 3. Bf4 e6 4. Nc3 Bb4 5. a3 Bxc3+ 6. bxc3 O-O 7. e3 Nc6
8. c4 h6 9. cxd5 exd5 10. Be2 Ne4 11. O-O Nc3 12. Qd3 Nxe2+ 13. Qxe2 Re8 14.
Rfe1 Bg4 15. h3 Bxf3 16. Qxf3 Qd7 17. Qg3 Qe6 18. Bxc7 Rac8 19. Bd6 Rcd8 20.
Bb4 Nxb4 21. axb4 a6 22. c3 Rc8 23. Rac1 Rc6 24. f3 Rec8 25. e4 dxe4 26.
Rxe4 Qb3 27. Qe1 Rxc3 28. Rb1 Qxb1 29. Qxb1 Rc1+ 30. Qxc1 Rxc1+ 31. Kh2 Rb1
32. d5 Rd1 33. Re8+ Kh7 34. Re7 Rxd5 35. Rxb7 Rd1 36. Rxf7 Rb1 37. Ra7 Rxb4
38. Rxa6 h5 39. Ra2 g5 40. g3 Kg6 41. Ra6+ Kf5 42. g4+ hxg4 43. hxg4+ Kf4
44. Ra3 Rb2+ 45. Kh3 Rb8 46. Kg2 Rb2+ 47. Kg1 Rb1+ 48. Kg2 Rb2+ 49. Kf1 Rb1+
50. Kg2 Rb2+ 51. Kf1 Rb1+ 52. Ke2 Rb2+ 53. Kf1 Rb1+ 54. Kg2 Rb2+ 55. Kf1
Rb1+ 56. Kf2 Rb2+ 57. Kf1 Rb1+ 58. Kg2 Rb2+ 59. Kf1 Rb1+ 60. Ke2 Rb2+ 61.
Kf1 Rb1+ 62. Kf2 Rb2+ 63. Kg1 Rb1+ 64. Kf2 Rb2+ 65. Kf1 Rb1+ 66. Kg2 Rb2+
67. Kf1 Rb1+ 68. Kf2 Rb2+ 69. Kf1 Rb1+ 70. Ke2 Rb2+ 71. Kf1 Rb1+ 72. Kg2
Rb2+ 73. Kh3 Rf2 74. Ra4+ Ke3 75. Ra3+ Kf4 76. Ra4+ Ke3 77. Ra3+ Kf4 78.
Ra4+ Ke3 79. Ra3+ Kf4 80. Ra4+ Ke3 81. Ra3+ {Game drawn by repetition}
1/2-1/2

[Event "ICC tourney 3061 (30 10)"]
[Site "Internet Chess Club"]
[Date "2022.11.19"]
[Round "4"]
[White "Romanyuk, Nikita:NikitaR"]
[Black "MA, YUNHUI:K03-16857748"]
[Result "1/2-1/2"]
[ICCResult "Game drawn by mutual agreement"]
[WhiteElo "1125"]
[BlackElo "1125"]
[Opening "Scotch game"]
[ECO "C45"]
[NIC "SO.05"]
[Time "18:00:25"]
[PlyCount "83"]
[TimeControl "1800+10"]

1. e4 e5 2. Nf3 Nc6 3. d4 exd4 4. Nxd4 Bc5 5. Be3 Bb6 6. Nc3 Nf6 7. Bc4 d6
8. O-O Bg4 9. f3 Bh5 10. Nd5 h6 11. Nxb6 axb6 12. a3 O-O 13. Ne2 Na5 14. Ba2
Nc6 15. Nf4 Kh7 16. g4 Bg6 17. Nxg6 fxg6 18. Kg2 Qd7 19. Kg3 Ne5 20. Bd4 Qe7
21. Qd2 c5 22. Bxe5 Qxe5+ 23. Kg2 Rad8 24. c3 d5 25. exd5 Nxd5 26. Bxd5 Rxd5
27. Qe1 Qd6 28. Rd1 Rd8 29. Rxd5 Qxd5 30. Qe4 Qxe4 31. fxe4 Rd2+ 32. Rf2
Rxf2+ 33. Kxf2 Kg8 34. Kf3 Kf7 35. Kf4 Kf6 36. h4 g5+ 37. hxg5+ hxg5+ 38.
Kf3 Ke5 39. Ke3 g6 40. b4 cxb4 41. axb4 b5 42. Kf3
{Game drawn by mutual agreement}
1/2-1/2

[Event "ICC tourney 3061 (30 10)"]
[Site "Internet Chess Club"]
[Date "2022.11.19"]
[Round "4"]
[White "LARSON, CHARLES D:jdchuck68"]
[Black "Statz, Ben:want2winbad"]
[Result "0-1"]
[ICCResult "White resigns"]
[WhiteElo "467"]
[BlackElo "1081"]
[Opening "Sicilian: Kan, 5.Nc3"]
[ECO "B43"]
[NIC "SI.41"]
[Time "18:00:26"]
[PlyCount "82"]
[TimeControl "1800+10"]

1. e4 c5 2. Nf3 e6 3. d4 cxd4 4. Nxd4 a6 5. Nc3 Qc7 6. Be2 b5 7. a4 b4 8.
Na2 Bb7 9. f3 Bc5 10. Be3 e5 11. Nf5 Bxe3 12. Nxe3 a5 13. Nd5 Bxd5 14. exd5
d6 15. Bb5+ Nd7 16. O-O Nf6 17. c3 bxc3 18. bxc3 O-O 19. Rb1 Nb6 20. Bc6
Rab8 21. Qd3 Qa7 22. Kh1 Nbd7 23. c4 Nc5 24. Qf5 Nb3 25. Qd3 Nd4 26. Nc3
Nxc6 27. dxc6 Qc7 28. Nb5 Qxc6 29. Nxd6 Rxb1 30. Rxb1 Qxa4 31. Nf5 Qd7 32.
Qa3 Rd8 33. g4 Qc7 34. c5 g6 35. Nh6+ Kg7 36. g5 Nh5 37. Qb3 Rd7 38. Qb5 Nf4
39. c6 Rd5 40. Qc4 Qb6 41. Rxb6 Rd1+ {White resigns} 0-1

[Event "ICC tourney 3061 (30 10)"]
[Site "Internet Chess Club"]
[Date "2022.11.19"]
[Round "4"]
[White "LAIDO, MATTHEW:Dabao"]
[Black "LAUSER, JESSICA T:Shakhmatova"]
[Result "0-1"]
[ICCResult "White resigns"]
[WhiteElo "1110"]
[BlackElo "1500"]
[Opening "QP counter-gambit (elephant gambit)"]
[ECO "C40"]
[NIC "KP.10"]
[Time "18:00:47"]
[PlyCount "70"]
[TimeControl "1800+10"]

1. e4 e5 2. Nf3 d5 3. exd5 e4 4. Qe2 Nf6 5. d3 Be7 6. dxe4 O-O 7. Nc3 Re8 8.
Bf4 Bg4 9. O-O-O a6 10. h3 Bh5 11. g4 Bg6 12. Bg2 b5 13. Nh4 b4 14. Na4 Nfd7
15. Nxg6 fxg6 16. Qc4 Bd6 17. Bxd6 cxd6 18. f4 a5 19. e5 Ra6 20. exd6 Rxd6
21. Rhe1 Rf8 22. Re6 Nf6 23. g5 Nh5 24. Qc5 Rd7 25. Bf3 Nxf4 26. Rb6 Nxh3
27. Bg4 Qxg5+ 28. Kb1 Qxg4 29. Re1 Nf4 30. d6 Rdf7 31. Qc4 Nd7 32. Rb7 h5
33. b3 Kh7 34. Rf1 Qg2 35. Nb2 Qxb7 {White resigns} 0-1

[Event "ICC tourney 3061 (30 10)"]
[Site "Internet Chess Club"]
[Date "2022.11.19"]
[Round "4"]
[White "Nagarajan, Ramesh:rnagaraj"]
[Black "THAPER, RISHUBH:MajorKey"]
[Result "1-0"]
[ICCResult "Black resigns"]
[WhiteElo "1357"]
[BlackElo "1328"]
[Opening "Caro-Kann defense"]
[ECO "B10"]
[NIC "CK.01"]
[Time "18:00:21"]
[PlyCount "117"]
[TimeControl "1800+10"]

1. e4 c6 2. f4 d5 3. exd5 cxd5 4. d4 Bf5 5. Nf3 Nf6 6. Bb5+ Bd7 7. Bxd7+
Nbxd7 8. Nc3 e6 9. a3 Bd6 10. O-O Qb6 11. Qd3 O-O 12. Ne5 Nxe5 13. fxe5 Bxe5
14. Ne2 Ne4 15. c4 Bb8 16. c5 Qc7 17. g3 b6 18. b4 a5 19. Rb1 axb4 20. axb4
Ra2 21. Nc3 Nxc3 22. Qxc3 Rc8 23. Bf4 Qe7 24. Bxb8 Rxb8 25. c6 Qg5 26. Ra1
Qd2 27. Qxd2 Rxd2 28. Ra7 Rc8 29. b5 Rxd4 30. Rfxf7 Rd1+ 31. Kg2 Rd2+ 32.
Kh3 Rb2 33. Rxg7+ Kh8 34. Rxh7+ Kg8 35. Rag7+ Kf8 36. Rg4 Re8 37. Rh8+ Ke7
38. Rxe8+ Kxe8 39. Rg8+ Kf7 40. c7 Kxg8 41. c8=Q+ Kf7 42. Qd7+ Kf6 43. g4
Rb3+ 44. Kh4 Rf3 45. g5+ Kf5 46. Qf7+ Ke4 47. Qxe6+ Kd4 48. Qg4+ Ke3 49. g6
d4 50. g7 Rf4 51. g8=Q Rxg4+ 52. Qxg4 d3 53. Qe6+ Kd2 54. Qxb6 Kc1 55. Qc6+
Kd1 56. b6 d2 57. Qd5 Ke1 58. Qxd2+ Kxd2 59. b7 {Black resigns} 1-0

[Event "ICC tourney 3061 (30 10)"]
[Site "Internet Chess Club"]
[Date "2022.11.19"]
[Round "4"]
[White "LOPEZ, FRANCISCO JAVIER:steinutz"]
[Black "HONG, HUNTER:hunterhong"]
[Result "1-0"]
[ICCResult "Black checkmated"]
[WhiteElo "1588"]
[BlackElo "937"]
[Opening "Queen's pawn, Mason variation"]
[ECO "D00"]
[NIC "QP.08"]
[Time "18:00:21"]
[PlyCount "85"]
[TimeControl "1800+10"]

1. d4 d5 2. Bf4 Bf5 3. Nf3 Nf6 4. e3 a6 5. Bd3 Bg6 6. c3 e6 7. Qe2 Bh5 8.
Nbd2 Bd6 9. Bg3 O-O 10. Bh4 Be7 11. O-O Nbd7 12. a4 h6 13. Rfe1 Nh7 14. Bxe7
Qxe7 15. e4 dxe4 16. Nxe4 Ndf6 17. Ng3 Bxf3 18. Qxf3 c6 19. Ne4 Nxe4 20.
Qxe4 Ng5 21. Qe3 Rfd8 22. f4 Nh7 23. f5 Re8 24. Re2 Qf6 25. Rae1 Ng5 26. Qg3
Red8 27. h4 exf5 28. hxg5 hxg5 29. Re5 g6 30. Re7 Kf8 31. Rxb7 Rd5 32. Bc4
f4 33. Qf3 g4 34. Qxg4 Rg5 35. Qf3 Kg8 36. Rxf7 Qh8 37. Rf5+ Kg7 38. Rxg5
Qh4 39. Ree5 Rh8 40. Qg4 Qh1+ 41. Kf2 Rh6 42. Qd7+ Kf6 43. Qf7#
{Black checkmated}
1-0

[Event "ICC tourney 3061 (30 10)"]
[Site "Internet Chess Club"]
[Date "2022.11.19"]
[Round "5"]
[White "ASHOK, AMUDHAN:amudhanashok"]
[Black "Romanyuk, Nikita:NikitaR"]
[Result "1-0"]
[ICCResult "Black checkmated"]
[WhiteElo "895"]
[BlackElo "1125"]
[Opening "King's Indian: London system"]
[ECO "A48"]
[NIC "QP.03"]
[Time "20:00:33"]
[PlyCount "143"]
[TimeControl "1800+10"]

1. d4 Nf6 2. Nf3 g6 3. Bf4 Bg7 4. Nc3 d6 5. e3 O-O 6. Be2 Nc6 7. O-O Re8 8.
Re1 Bf5 9. Bb5 a6 10. Bxc6 bxc6 11. e4 Bd7 12. Bg3 Nh5 13. e5 Nxg3 14. hxg3
e6 15. Ne4 d5 16. Nc5 Bf8 17. a3 Bxc5 18. dxc5 Qe7 19. b4 a5 20. c3 axb4 21.
cxb4 Ra7 22. a4 Rb7 23. Rb1 Reb8 24. Qd2 f6 25. Qf4 f5 26. g4 Qf7 27. g5 Bc8
28. Rb2 Ra7 29. Ra1 Ba6 30. b5 cxb5 31. axb5 c6 32. b6 Raa8 33. Rba2 Bb7 34.
Ra7 Rxa7 35. Rxa7 Qf8 36. Qa4 Ra8 37. Nd4 Qc8 38. Rxa8 Bxa8 39. Qa7 Qb7 40.
Qxb7 Bxb7 41. Nxe6 Bc8 42. Nd4 Kf7 43. Nxc6 Ke6 44. Nd8+ Kxe5 45. b7 Bxb7
46. Nxb7 Ke6 47. Kf1 Kd7 48. Ke2 Kc6 49. Na5+ Kxc5 50. Nb7+ Kc6 51. Nd8+ Kd6
52. Nf7+ Ke6 53. Nd8+ Ke5 54. Kd3 Kf4 55. Nf7 Kg4 56. Kd4 Kh5 57. Kxd5 h6
58. gxh6 Kh4 59. h7 Kg4 60. h8=Q g5 61. Nxg5 f4 62. Qh3+ Kxg5 63. g3 fxg3
64. Qxg3+ Kh6 65. f3 Kh7 66. f4 Kh6 67. f5 Kh7 68. f6 Kh6 69. Qg1 Kh5 70. f7
Kh4 71. f8=Q Kh3 72. Qh8# {Black checkmated} 1-0

[Event "ICC tourney 3061 (30 10)"]
[Site "Internet Chess Club"]
[Date "2022.11.19"]
[Round "5"]
[White "Statz, Ben:want2winbad"]
[Black "Anand, Anirudh:AnirudhAnand"]
[Result "0-1"]
[ICCResult "White checkmated"]
[WhiteElo "1081"]
[BlackElo "469"]
[Opening "Two knights defense"]
[ECO "C58"]
[NIC "KP.01"]
[Time "20:00:42"]
[PlyCount "62"]
[TimeControl "1800+10"]

1. e4 e5 2. Nf3 Nc6 3. Bc4 Nf6 4. Ng5 d5 5. exd5 Na5 6. Bb5+ c6 7. dxc6 bxc6
8. Bd3 h6 9. Ne4 Nxe4 10. Bxe4 Bd7 11. O-O Bc5 12. a3 Nb7 13. b4 Bb6 14. c4
a6 15. c5 Bc7 16. Bb2 O-O 17. Qf3 f5 18. Bc2 Qh4 19. Bb3+ Kh8 20. Qg3 Qe7
21. d3 f4 22. Qf3 Qh4 23. h3 Rf6 24. Nd2 Rg6 25. Kh1 Bg4 26. Qe4 Bxh3 27.
Kg1 Rxg2+ 28. Qxg2 Bxg2 29. Kxg2 Qg4+ 30. Kh2 f3 31. Ne4 Qg2# {White
checkmated} 0-1

[Event "ICC tourney 3061 (30 10)"]
[Site "Internet Chess Club"]
[Date "2022.11.19"]
[Round "5"]
[White "MA, YUNHUI:K03-16857748"]
[Black "ANGEL, BORYS:BArkadia"]
[Result "1-0"]
[ICCResult "Black resigns"]
[WhiteElo "1125"]
[BlackElo "1360"]
[Opening "Two knights defense (Modern bishop's opening)"]
[ECO "C55"]
[NIC "IG.01"]
[Time "20:00:35"]
[PlyCount "67"]
[TimeControl "1800+10"]

1. e4 e5 2. Nf3 Nc6 3. Bc4 Nf6 4. d3 h6 5. Nc3 Bc5 6. Be3 d6 7. h3 a6 8.
Bxc5 dxc5 9. O-O O-O 10. Nd2 b5 11. Bb3 Nd4 12. Nf3 Re8 13. Bd5 Nxd5 14.
Nxd5 c6 15. Ne3 Qf6 16. Nxd4 cxd4 17. Ng4 Qg6 18. Kh1 Ra7 19. f3 h5 20. Nh2
Re6 21. f4 c5 22. f5 Qh6 23. fxe6 Bxe6 24. Nf3 f6 25. Qd2 g5 26. h4 Rg7 27.
g3 Qh8 28. Qa5 Kh7 29. Qxa6 Re7 30. hxg5 Kg6 31. gxf6 Kxf6 32. Nxd4+ Kg6 33.
Nxe6 h4 34. Nf8+ {Black resigns} 1-0

[Event "ICC tourney 3061 (30 10)"]
[Site "Internet Chess Club"]
[Date "2022.11.19"]
[Round "5"]
[White "Tammineni, Tarun Ram:ttarun"]
[Black "LARSON, CHARLES D:jdchuck68"]
[Result "0-1"]
[ICCResult "White checkmated"]
[WhiteElo "829"]
[BlackElo "467"]
[Opening "Sicilian"]
[ECO "B50"]
[NIC "SI.01"]
[Time "20:00:40"]
[PlyCount "156"]
[TimeControl "1800+10"]

1. e4 c5 2. Nf3 d6 3. Nc3 a6 4. Bc4 g6 5. d3 Bg7 6. Be3 e6 7. a3 Ne7 8. O-O
O-O 9. Qd2 b5 10. Ba2 Nbc6 11. Bh6 d5 12. exd5 exd5 13. Bxg7 Kxg7 14. d4 c4
15. Rfe1 Bg4 16. Ne5 Nxe5 17. dxe5 Nc6 18. h3 Bf5 19. Qxd5 Nd4 20. Rad1 Nxc2
21. Qxd8 Raxd8 22. Rxd8 Rxd8 23. Rc1 a5 24. Nxb5 Bd3 25. Rd1 Rc8 26. Nd6 Rc5
27. Rc1 Rxe5 28. Bxc4 Nd4 29. Bxd3 Ne6 30. Bc4 Nf4 31. Kh1 Rg5 32. Rg1 Rc5
33. Re1 Rc6 34. Ne8+ Kf8 35. Bb5 Rc2 36. Nf6 Rxf2 37. Nxh7+ Kg7 38. Ng5 Nxg2
39. Bc6 Nxe1 40. Ne4 Rf1+ 41. Kh2 Nf3+ 42. Kg2 Nd2 43. Nxd2 Rc1 44. Be4 f5
45. Bd3 Rd1 46. Nc4 Rxd3 47. b4 f4 48. bxa5 Rg3+ 49. Kf2 Rxh3 50. a6 Rh8 51.
Nb6 Rh2+ 52. Kf3 Rh3+ 53. Kxf4 Rxa3 54. a7 Rxa7 55. Nd5 Kh6 56. Ne3 g5+ 57.
Kg4 Ra4+ 58. Kg3 Ra3 59. Kf3 Kh5 60. Kf2 g4 61. Nxg4 Kxg4 62. Ke2 Kg3 63.
Kd2 Kf3 64. Kd1 Ra2 65. Kc1 Ke2 66. Kb1 Rd2 67. Kc1 Kd3 68. Kb1 Kc3 69. Kc1
Rc2+ 70. Kd1 Kb2 71. Ke1 Kc1 72. Kf1 Rd2 73. Ke1 Kc2 74. Kf1 Kd1 75. Kg1 Ke1
76. Kh1 Kf2 77. Kh2 Rd3 78. Kh1 Rh3# {White checkmated} 0-1

[Event "ICC tourney 3061 (30 10)"]
[Site "Internet Chess Club"]
[Date "2022.11.19"]
[Round "5"]
[White "Nagarajan, Ramesh:rnagaraj"]
[Black "LOPEZ, FRANCISCO JAVIER:steinutz"]
[Result "1-0"]
[ICCResult "Black checkmated"]
[WhiteElo "1357"]
[BlackElo "1588"]
[Opening "Scandinavian: Pytel-Wade variation"]
[ECO "B01"]
[NIC "SD.02"]
[Time "20:00:48"]
[PlyCount "65"]
[TimeControl "1800+10"]

1. e4 d5 2. exd5 Qxd5 3. Nc3 Qd6 4. d4 c6 5. f4 Bf5 6. Nf3 Nf6 7. Ne5 e6 8.
g4 Be4 9. Rg1 Bd5 10. Be3 Qb4 11. a3 Qa5 12. Bd3 Nbd7 13. g5 Nxe5 14. fxe5
Nd7 15. Rf1 a6 16. Qg4 Bb4 17. Bd2 Bxc3 18. Bxc3 Qc7 19. h4 c5 20. Qf4 O-O
21. h5 c4 22. Be2 g6 23. Bb4 a5 24. Bxf8 Rxf8 25. c3 Qb6 26. O-O-O Qb3 27.
Qh4 Qa2 28. Rh1 Bxh1 29. Rxh1 Rd8 30. hxg6 Nf8 31. gxh7+ Kh8 32. g6 Rxd4 33.
Qf6# {Black checkmated} 1-0

[Event "ICC tourney 3061 (30 10)"]
[Site "Internet Chess Club"]
[Date "2022.11.19"]
[Round "5"]
[White "THAPER, RISHUBH:MajorKey"]
[Black "LAUSER, JESSICA T:Shakhmatova"]
[Result "1-0"]
[ICCResult "Black checkmated"]
[WhiteElo "1328"]
[BlackElo "1500"]
[Opening "Queen's pawn: Charlick (Englund) gambit"]
[ECO "A40"]
[NIC "QO.17"]
[Time "20:00:48"]
[PlyCount "71"]
[TimeControl "1800+10"]

1. d4 e5 2. dxe5 d6 3. Nf3 Bg4 4. Bg5 Qd7 5. exd6 Bxd6 6. Nc3 f6 7. Bh4 Nc6
8. Bg3 Ne5 9. Nxe5 fxe5 10. Ne4 O-O-O 11. Nxd6+ cxd6 12. f3 Be6 13. e4 Nf6
14. c4 Qc7 15. Bd3 Nh5 16. Qa4 Nxg3 17. hxg3 Kb8 18. Ke2 h5 19. Rac1 g5 20.
b4 g4 21. c5 d5 22. b5 b6 23. cxb6 Qxb6 24. Rc6 Qb7 25. Rxe6 gxf3+ 26. gxf3
Qg7 27. b6 Rd7 28. bxa7+ Ka8 29. Qc6+ Rb7 30. Ba6 dxe4 31. Bxb7+ Qxb7 32.
Qxb7+ Kxb7 33. Rb1+ Kxa7 34. Rxe5 exf3+ 35. Kxf3 h4 36. Ra5# {Black
checkmated} 1-0

[Event "ICC tourney 3061 (30 10)"]
[Site "Internet Chess Club"]
[Date "2022.11.19"]
[Round "5"]
[White "HONG, HUNTER:hunterhong"]
[Black "CHETLAPALLI, VISHNU:K01-30144870"]
[Result "1-0"]
[ICCResult "Black checkmated"]
[WhiteElo "937"]
[BlackElo "972"]
[Opening "Sicilian: Canal-Sokolsky attack, 3...Bd7"]
[ECO "B52"]
[NIC "SI.01"]
[Time "20:00:36"]
[PlyCount "63"]
[TimeControl "1800+10"]

1. e4 c5 2. Nf3 d6 3. Bb5+ Bd7 4. Bxd7+ Nxd7 5. O-O Ngf6 6. Nc3 g6 7. d3 Bg7
8. Bf4 O-O 9. Qd2 Rc8 10. Bh6 Re8 11. Bxg7 Kxg7 12. h3 a6 13. Rfe1 b5 14.
Ne2 c4 15. Ng3 cxd3 16. cxd3 Ne5 17. Nxe5 dxe5 18. Rac1 Qd7 19. Qg5 Rxc1 20.
Rxc1 Kh8 21. Qxe5 Qxd3 22. Rc6 Qd7 23. Rxa6 Rc8 24. Rb6 Rc1+ 25. Kh2 Qd3 26.
Rb8+ Kg7 27. Nh5+ Kh6 28. Nxf6 exf6 29. Qxf6 Qd1 30. Rg8 Qg1+ 31. Kg3 Rf1
32. Qh4# {Black checkmated} 1-0